General information
			
			
        
        - name: 1v1 OBS TM #9
 
        - type: Custom game
 
        - host: ActionJackson3
 
        - saver: TIMG4STRok
 
        
map: TwistedMeadows 
        - players: 12
 
        - length: 18:16
 
        - speed: Fast
 - version: 1.22 W3XP
 - replay type:  

 
» download(81 KB)
Players
        team 1 (winner) 
              
              
ActionJackson3 (
red | 146 APM | 2660 actions | 18:16)
              
 5 Archmage 
 3 Summon Water Elemental
 2 Brilliance Aura
 5 Blood Mage 
 3 Flame Strike
 2 Siphon Mana
 
                » actions 
                
                | Assign group hotkey | 76 |  | 
| Basic commands | 431 |  | 
| Build / train | 84 |  | 
| Enter build submenu | 20 |  | 
| Enter hero's abilities submenu | 10 |  | 
| Give item / drop item | 3 |  | 
| Right click | 654 |  | 
| Select / deselect | 389 |  | 
| Select group hotkey | 891 |  | 
| Use ability | 102 |  | 
                2660 total
 » units 
                
                | Peasant | 22 |  | 
| Footman | 10 |  | 
| Priest | 3 |  | 
| Sorceress | 4 |  | 
| Spell Breaker | 11 |  | 
| Rifleman | 4 |  | 
                54 total
 » upgrades
                
                | Priest Training | 1 |  | 
| Sorceress Training | 1 |  | 
                2 total
 » buildings
                
                | Altar of Kings | 2 |  | 
| Barracks | 1 |  | 
| Farm | 9 |  | 
| Scout Tower | 1 |  | 
| Keep | 1 |  | 
| Arcane Vault | 1 |  | 
| Arcane Tower | 1 |  | 
| Arcane Sanctum | 2 |  | 
| Town Hall | 2 |  | 
| Blacksmith | 1 |  | 
| Castle | 1 |  | 
                22 total
 » build order
                00:07 Altar of Kings
00:12 Barracks
00:17 Farm
00:21 Farm
01:17 Farm
01:24 Farm
02:31 Scout Tower
03:25 Keep
04:04 Arcane Vault
04:05 Arcane Tower
04:59 Farm
05:00 Farm
06:34 Arcane Sanctum
07:20 Altar of Kings
07:29 Arcane Sanctum
07:39 Farm
08:36 Town Hall
09:52 Blacksmith
14:12 Town Hall
14:18 Farm
15:31 Farm
16:33 Castle
» items
                
                | Dust of Appearance | 1 |  | 
| Boots of Speed | 1 |  | 
| Potion of Healing | 1 |  | 
| Scroll of Regeneration | 1 |  | 
| Lesser Clarity Potion | 1 |  | 
| Scroll of Healing | 3 |  | 
| Potion of Lesser Invulnerability | 2 |  | 
| Scroll of Town Portal | 2 |  | 
| Scroll of Protection | 1 |  | 
                13 total
  
               team 2 (loser) 
              
              
TIMG4STRok (
gray | 159 APM | 2899 actions | 18:16)
              
 4 Demon Hunter 
 2 Mana Burn
 2 Evasion
 4 Pandaren Brewmaster 
 2 Breath of Fire
 2 Drunken Haze
 
                » actions 
                
                | Assign group hotkey | 33 |  | 
| Basic commands | 76 |  | 
| Build / train | 56 |  | 
| ESC pressed | 1 |  | 
| Enter build submenu | 14 |  | 
| Enter hero's abilities submenu | 8 |  | 
| Give item / drop item | 2 |  | 
| Right click | 1334 |  | 
| Select / deselect | 271 |  | 
| Select group hotkey | 969 |  | 
| Use ability | 135 |  | 
                2899 total
 » units 
                
                | Wisp | 11 |  | 
| Archer | 6 |  | 
| Dryad | 7 |  | 
| Druid of the Claw | 2 |  | 
                26 total
 » upgrades
                
                | Abolish Magic | 1 |  | 
| Druid of the Claw Training | 2 |  | 
| Ultravision | 1 |  | 
| Well Spring | 1 |  | 
| Strength of the Wild | 1 |  | 
                6 total
 » buildings
                
                | Altar of Elders | 1 |  | 
| Moon Well | 5 |  | 
| Ancient of War | 2 |  | 
| Tree of Ages | 1 |  | 
| Hunter's Hall | 1 |  | 
| Ancient of Lore | 2 |  | 
| Tree of Eternity | 1 |  | 
| Ancient of Wonders | 1 |  | 
| Tree of Life | 2 |  | 
                16 total
 » build order
                00:08 Altar of Elders
00:18 Moon Well
00:45 Ancient of War
01:49 Moon Well
02:52 Tree of Ages
03:03 Moon Well
03:31 Ancient of War
03:53 Moon Well
04:16 Hunter's Hall
06:11 Ancient of Lore
06:11 Ancient of Lore
07:16 Tree of Eternity
07:26 Ancient of Wonders
07:28 Moon Well
15:45 Tree of Life
16:12 Tree of Life
» items
                
                | Scroll of Town Portal | 3 |  | 
| Moonstone | 1 |  | 
| Potion of Healing | 3 |  | 
| Staff of Preservation | 1 |  | 
| Boots of Speed | 1 |  | 
| Orb of Venom | 1 |  | 
| Potion of Mana | 2 |  | 
                12 total
  
               observersgreenstream, 
G1MP, 
DK02_QC, 
boonmodnar, 
APAllDay, 
kidonkrack, 
cneto, 
Menthol.Love, 
Sythen, 
tehdal Chat log
          (00:14 / All) TIMG4STRok: gg gl
(00:33 / All) ActionJackson3: hf
(10:44 / All) TIMG4STRok: manner please boonmodnar
(10:45 / All) ActionJackson3: haywtf
(13:56 / All) TIMG4STRok: sigh
(18:15 / All) TIMG4STRok: gg